Map: Dusty Gorge

Players

Noxly

  • Race: Protoss Protoss
  • League: Diamond
  • Spawn Location: 5:00

Ependyma

  • Race: Terran Terran
  • League: Platinum
  • Spawn Location: 3:00

OpuS

  • Race: Protoss Protoss
  • League: Platinum
  • Spawn Location: 11:00

Sketchaphone

  • Race: Zerg Zerg
  • League: Platinum
  • Spawn Location: 9:00

VOD

Have the link to the VOD?

Description

Time

  • Played on: Feb. 15, 2019, 6:56 p.m.
  • Length: 20:49
Show
View Real Time Build Order
Export as new Build Order

Noxly Protoss 

Build Orders: Carriers 

Get SALT Encoding   

  12  0:16  Probe  
  13  0:28  Probe  
  14  0:46  Probe  
  15  0:59  Pylon  
  15  1:17  Probe  
  16  1:20  Gateway  
  16  1:25  Gateway  
  16  1:27  Gateway  
  16  1:29  Forge  
  16  1:36  Pylon  
  16  1:38  Probe  
  16  1:50  Probe  
  17  1:58  Zealot  
  17  2:02  Photon Cannon  
  17  2:04  Pylon  
  17  2:08  Probe  
  20  2:11  Zealot  
  22  2:20  Probe  
  22  2:22  Zealot  
  25  2:28  Zealot  
  27  2:38  Zealot  
  27  2:43  Probe  
  30  2:51  Photon Cannon  
  30  2:56  Probe  
  30  2:57  Photon Cannon  
  30  3:03  Pylon  
  31  3:13  Assimilator  
  31  3:17  Assimilator  
  31  3:23  Cybernetics Core  
  29  3:35  Probe, Photon Cannon  
  30  3:48  Probe  
  30  4:17  Warp Gate  
  30  4:34  Stargate  
  28  4:56  Probe  
  28  4:59  Pylon  
  29  5:02  Pylon  
  25  5:13  Probe  
  23  5:14  Nexus  
  23  5:16  Stargate  
  23  5:20  Oracle  
  24  5:21  Probe  
  25  5:32  Photon Cannon  
  25  5:33  Probe  
  29  5:36  Shield Battery  
  29  5:45  Probe  
  30  5:52  Photon Cannon  
  30  5:57  Probe  
  30  6:01  Oracle  
  34  6:07  Probe  
  35  6:15  Probe  
  35  6:22  Phoenix  
  35  6:24  Probe  
  36  6:26  Assimilator  
  36  6:31  Pylon  
  39  6:42  Probe  
  39  6:43  Phoenix  
  42  6:52  Probe  
  43  6:54  Probe  
  43  6:57  Phoenix  
  46  7:04  Probe  
  46  7:06  Probe  
  48  7:20  Probe, Assimilator  
  49  7:23  Probe  
  49  7:28  Forge  
  30  8:21  Probe  
  30  8:23  Probe  
  32  8:29  Probe  
  32  8:31  Probe  
  33  8:39  Probe x2  
  34  8:41  Pylon  
  34  8:46  Oracle  
  34  8:47  Photon Cannon  
  36  8:49  Probe  
  36  8:51  Probe  
  38  8:57  Pylon, Probe  
  38  9:01  Pylon  
  38  9:02  Pylon  
  39  9:03  Probe  
  39  9:05  Probe  
  39  9:07  Photon Cannon  
  41  9:15  Probe  
  42  9:30  Probe  
  42  9:31  Phoenix x2  
  46  9:32  Probe  
  46  9:38  Probe  
  48  9:40  Probe  
  50  9:48  Probe  
  51  9:56  Phoenix x2  
  55  10:01  Stargate  
  55  10:19  Probe  
  55  10:20  Pylon  
  55  10:23  Probe  
  55  10:27  Probe  
  57  10:30  Nexus  
  57  10:35  Probe  
  59  10:38  Probe  
  59  10:40  Protoss Air Weapons Level 1  
  60  10:50  Phoenix  
  60  10:53  Probe  
  60  10:54  Probe  
  64  11:01  Probe  
  64  11:06  Probe  
  64  11:09  Probe  
  64  11:11  Oracle  
  67  11:18  Probe  
  67  11:21  Probe  
  69  11:26  Oracle x2  
  75  11:43  Probe  
  75  11:46  Probe x2  
  78  11:49  Shield Battery, Photon Cannon  
  78  11:50  Photon Cannon  
  78  11:51  Probe  
  78  11:54  Photon Cannon  
  78  11:55  Pylon  
  78  11:58  Probe  
  78  11:59  Probe x2  
  81  12:05  Twilight Council  
  82  12:10  Probe  
  82  12:11  Probe  
  84  12:19  Gateway  
  84  12:20  Gateway  
  84  12:25  Pylon  
  84  12:27  Gateway  
  84  12:38  Phoenix x3  
  90  12:47  Gateway  
  90  12:50  Probe  
  87  12:54  Probe x2  
  90  12:58  Probe  
  90  13:03  Gateway  
  90  13:05  Gateway  
  91  13:10  Templar Archives  
  91  13:12  Gateway  
  91  13:24  Probe x3  
  94  13:36  Probe  
  95  13:44  Oracle x3  
  104  13:52  High Templar x3  
  110  14:16  High Templar x3  
  116  14:21  Protoss Shields Level 1, Assimilator  
  116  14:25  Archon x2, Assimilator  
  116  14:26  Archon  
  116  14:27  Pylon  
  116  14:30  Pylon  
  116  14:31  Probe  
  117  14:32  Pylon  
  117  14:34  Pylon  
  117  14:35  Charge  
  117  14:40  Forge x2  
  117  14:55  Probe x3  
  117  14:57  Fleet Beacon  
  117  14:59  High Templar x4  
  128  15:00  High Templar x2  
  130  15:19  Archon x3  
  110  16:02  High Templar x6  
  122  16:13  Carrier x2  
  122  16:17  Archon x3  
  122  16:22  Protoss Shields Level 2  
  122  16:23  Probe  
  122  16:25  Protoss Ground Weapons Level 1, Protoss Ground Armor Level 1  
  134  16:27  Probe x2  
  134  16:32  Gateway  
  137  16:36  Anion Pulse-Crystals  
  137  16:37  Protoss Air Weapons Level 2, Gateway  
  133  16:48  Psionic Storm  
  133  16:51  High Templar x6  
  133  16:52  Oracle  
  145  16:59  Robotics Facility  
  145  17:03  Probe  
  149  17:08  Pylon  
  149  17:11  Pylon  
  149  17:15  Photon Cannon  
  149  17:16  Photon Cannon  
  149  17:23  Probe x2  
  149  17:26  Probe, Oracle  
  151  17:36  Carrier x2  
  163  17:38  Probe  
  164  17:49  Observer  
  165  18:11  Observer  
  164  18:25  Pylon  
  164  18:27  Pylon  
  164  18:28  Pylon  
  155  19:09  Carrier x3  
  173  19:25  High Templar x4  
  173  19:26  Zealot  
  173  19:27  Zealot x3  
  189  20:17  Observer  
  189  20:20  Probe x2  
Show
View Real Time Build Order
Export as new Build Order

Ependyma Terran 

Build Orders:  

Get SALT Encoding   

  12  0:01  SCV  
  13  0:13  SCV  
  14  0:21  Supply Depot  
  14  0:25  SCV  
  15  0:31  Refinery  
  15  0:43  SCV  
  16  0:52  Barracks  
  16  0:58  SCV  
  17  1:18  SCV  
  18  1:32  Command Center  
  18  1:37  SCV  
  19  1:49  Factory  
  19  1:55  Refinery  
  19  2:00  SCV  
  20  2:03  Marine  
  21  2:13  SCV  
  22  2:23  Barracks Reactor  
  22  2:25  SCV  
  23  2:33  Starport  
  23  2:40  Orbital Command  
  23  2:52  Orbital Command  
  23  3:10  Widow Mine x2  
  27  3:14  Medivac  
  27  3:19  SCV  
  30  3:20  SCV  
  31  3:30  Supply Depot  
  31  3:32  Widow Mine  
  33  3:36  SCV  
  33  3:37  SCV  
  35  3:50  Supply Depot  
  35  3:52  Medivac  
  35  3:55  Widow Mine x2  
  41  3:58  SCV x2  
  43  4:24  SCV  
  43  4:25  SCV  
  43  4:30  Barracks  
  43  4:31  Barracks, Engineering Bay x2  
  45  4:32  Barracks  
  45  4:54  Barracks Tech Lab  
  45  4:55  Widow Mine  
  45  4:56  Medivac, Widow Mine  
  45  4:58  Terran Infantry Weapons Level 1, Terran Infantry Armor Level 1  
  51  5:00  Armory  
  51  5:07  Supply Depot  
  43  5:15  Marauder, Stimpack  
  45  5:24  Widow Mine  
  45  5:28  Widow Mine  
  49  5:40  Marine  
  49  5:41  Command Center  
  49  5:42  Marine  
  51  5:47  SCV  
  51  5:48  SCV  
  53  5:52  Marine  
  53  5:54  Marine  
  55  6:06  Terran Vehicle Weapons Level 1, SCV  
  55  6:09  Refinery x2  
  55  6:11  Supply Depot  
  56  6:12  Barracks Reactor x3  
  56  6:16  SCV  
  55  6:30  Missile Turret  
  52  6:34  Missile Turret  
  47  7:02  Starport Reactor  
  47  7:05  Command Center  
  47  7:29  Marine x6  
  53  7:31  Marauder  
  53  7:35  SCV x2  
  53  7:44  Planetary Fortress  
  53  7:46  Marine  
  53  7:47  Marine  
  52  8:06  Marine x6  
  52  8:11  Marine  
  56  8:31  Marine x3  
  56  8:32  Marine  
  60  8:36  SCV x3  
  63  8:48  SCV x3  
  66  8:53  Terran Infantry Weapons Level 2  
  66  8:57  Terran Infantry Armor Level 2  
  66  9:00  SCV  
  66  9:01  SCV  
  68  9:04  SCV  
  69  9:12  SCV  
  69  9:13  SCV  
  69  9:16  SCV  
  72  9:20  Terran Vehicle Weapons Level 2  
  72  9:24  SCV  
  72  9:25  SCV  
  72  9:30  Planetary Fortress  
  74  9:45  Barracks  
  74  9:47  Barracks  
  74  9:48  Barracks  
  74  9:56  Barracks  
  74  10:01  Ghost Academy, SCV x2  
  74  10:04  SCV  
  77  10:09  Missile Turret  
  77  10:13  SCV  
  77  10:24  SCV x2  
  77  10:25  SCV x2  
  81  10:29  Missile Turret  
  81  10:36  Barracks Tech Lab x2, SCV x2  
  81  10:37  Barracks Tech Lab  
  81  10:41  SCV x2  
  85  10:53  SCV x2  
  85  11:04  Marine x4  
  83  11:05  Marauder x2  
  83  11:10  Marauder  
  92  11:13  Supply Depot  
  92  11:14  Supply Depot  
  92  11:15  Marauder  
  84  11:23  Marine x3  
  84  11:24  Marine  
  82  11:26  Marauder  
  82  11:27  Marauder  
  82  11:31  Marauder  
  83  11:34  Marine x3  
  83  11:36  Marauder  
  88  11:41  Marine x3  
  88  11:42  Marine  
  92  11:48  Marauder, Marine  
  92  11:51  SCV x4  
  92  11:52  Marine x4  
  103  12:06  Refinery, SCV  
  103  12:07  SCV x3  
  107  12:08  Refinery  
  89  12:36  Marine  
  90  12:37  Marine x5  
  90  12:39  Barracks Tech Lab  
  90  12:41  Concussive Shells, Combat Shield  
  95  12:48  Medivac x2  
  99  12:57  SCV x2  
  99  12:58  SCV x2  
  103  13:01  Refinery  
  103  13:19  Refinery  
  103  13:24  Marauder  
  103  13:25  Marine  
  108  13:27  Supply Depot x3  
  108  13:29  Supply Depot  
  108  13:30  Terran Infantry Weapons Level 3  
  108  13:32  Terran Infantry Armor Level 3, Marine x2  
  108  13:33  Personal Cloaking  
  108  13:48  Marine x2  
  108  13:49  SCV x4  
  108  13:50  Supply Depot  
  108  13:51  Supply Depot  
  108  13:52  Supply Depot  
  102  13:57  Marauder x2  
  102  13:58  Marauder x3, Marine x4  
  116  14:12  Marine  
  116  14:13  Marine  
  116  14:16  Marine  
  116  14:18  Terran Vehicle Weapons Level 3  
  116  14:30  Factory x3  
  116  14:35  Factory  
  116  14:52  Supply Depot  
  116  14:54  Supply Depot  
  116  14:56  Marine x2  
  116  14:57  Marine x4  
  116  14:59  Marauder x4  
  132  15:00  Marauder  
  132  15:02  Medivac x2  
  134  15:25  Marine x3  
  134  15:26  Marine x3  
  134  15:27  Marauder x5  
  117  16:09  Marine  
  117  16:10  Marine x7  
  123  16:11  Marauder x3  
  123  16:24  Factory Tech Lab, Factory Reactor  
  123  16:27  Marine x5  
  123  16:28  Marauder, Marine x2  
  123  16:29  Medivac x2, Factory Reactor  
  123  16:30  Factory Tech Lab  
  123  16:32  Marine x3  
  139  16:43  SCV x4  
  139  16:45  Marine x2  
  145  16:47  Supply Depot  
  145  16:49  Supply Depot  
  145  16:50  Supply Depot  
  145  16:59  Marauder  
  145  17:00  Marauder x3  
  145  17:01  Marauder, Marine x4  
  155  17:04  Drilling Claws  
  155  17:05  Mag-Field Accelerator  
  159  17:18  Hellion x4  
  159  17:20  Siege Tank  
  173  17:22  Siege Tank  
  173  17:41  Supply Depot  
  173  17:42  Widow Mine  
  173  17:43  Widow Mine x3, Supply Depot  
  181  17:46  Terran Vehicle And Ship Armor Level 1  
  181  17:52  Siege Tank  
  181  17:55  Siege Tank  
  197  18:25  Unknown x4  
  191  18:31  Unknown  
  171  19:07  Supply Depot  
  171  19:08  Supply Depot  
  171  19:09  Supply Depot x2  
  171  19:12  Supply Depot  
  171  19:14  Supply Depot  
  171  19:16  Supply Depot  
  171  19:24  Widow Mine  
  172  19:29  Widow Mine x4  
  155  19:48  Marine  
  155  19:49  Marine x5  
  155  19:50  Marauder x2  
  155  19:51  Medivac, Marauder x3  
  155  19:52  Medivac  
  177  19:53  Widow Mine x4, Siege Tank x2  
  187  20:09  Marine x3  
  187  20:10  Marine x3  
  187  20:11  Marine  
  187  20:12  Marauder x3  
Show
View Real Time Build Order
Export as new Build Order

OpuS Protoss 

Build Orders: Oracle Opening 

Get SALT Encoding   

  12  0:01  Probe  
  13  0:13  Probe  
  14  0:25  Pylon  
  14  0:26  Probe  
  15  0:39  Probe  
  15  0:48  Probe, Gateway  
  17  0:57  Assimilator  
  17  0:58  Probe  
  17  0:59  Assimilator  
  18  1:09  Probe  
  19  1:16  Forge  
  19  1:18  Probe  
  20  1:26  Probe  
  20  1:29  Pylon  
  21  1:39  Probe, Cybernetics Core  
  22  1:52  Photon Cannon  
  22  2:02  Photon Cannon  
  22  2:04  Probe  
  23  2:12  Probe  
  25  2:15  Zealot  
  25  2:22  Pylon  
  25  2:39  Shield Battery  
  25  2:45  Shield Battery  
  25  2:50  Stargate  
  25  2:51  Probe  
  26  3:00  Zealot  
  26  3:03  Probe  
  29  3:22  Robotics Facility  
  29  3:25  Gateway  
  29  3:34  Oracle  
  29  3:37  Stalker  
  32  3:45  Probe  
  35  3:59  Photon Cannon  
  35  4:03  Photon Cannon  
  35  4:07  Pylon  
  35  4:15  Warp Gate  
  32  4:28  Zealot x2  
  34  5:11  Probe  
  34  5:19  Probe  
  34  5:40  Observer  
  35  5:44  Nexus  
  35  5:49  Stalker x2  
  39  5:52  Protoss Ground Weapons Level 1  
  39  5:55  Gateway  
  39  6:09  Pylon  
  39  6:27  Stalker  
  39  6:28  Stalker  
  43  6:54  Stalker  
  43  6:55  Stalker x2  
  46  7:02  Probe x2  
  48  7:09  Shield Battery  
  48  7:12  Photon Cannon  
  48  7:14  Probe x2  
  50  7:25  Pylon  
  50  7:26  Probe  
  45  7:57  Probe x2  
  47  7:58  Stalker  
  47  7:59  Stalker x2  
  51  8:10  Probe x2  
  53  8:18  Gateway  
  49  8:22  Gateway  
  49  8:26  Gateway  
  39  8:27  Probe  
  39  8:32  Protoss Ground Armor Level 1  
  36  8:44  Shield Battery  
  36  8:46  Probe x2  
  38  8:51  Sentry x3  
  44  8:59  Oracle  
  47  9:05  Probe  
  47  9:06  Probe  
  49  9:18  Probe x2  
  49  9:19  Stalker, Sentry  
  55  9:31  Stalker  
  57  9:36  Twilight Council  
  57  9:41  Assimilator  
  57  9:45  Assimilator  
  57  9:50  Stalker  
  59  10:02  Pylon  
  59  10:19  Stalker x4, Blink  
  64  10:35  Protoss Ground Weapons Level 2  
  64  10:40  Robotics Bay  
  64  10:41  Probe  
  64  10:42  Probe  
  66  10:54  Probe x2  
  64  11:06  Probe  
  49  11:20  Stalker x5  
  49  11:21  Stalker  
  49  11:22  Probe x2  
  59  11:31  Observer  
  58  11:34  Probe  
  59  11:41  Extended Thermal Lance  
  59  11:49  Robotics Facility  
  59  11:51  Colossus  
  65  12:20  Charge  
  65  12:21  Gateway  
  65  12:22  Gateway  
  65  12:25  Nexus  
  65  12:37  Colossus  
  61  12:38  Stalker x4  
  61  12:42  Pylon  
  65  12:59  Probe x2  
  65  13:00  Colossus  
  73  13:20  Pylon  
  73  13:27  Stalker x3  
  73  13:30  Stalker  
  73  13:33  Probe x2  
  83  13:36  Colossus  
  83  13:37  Probe  
  90  13:54  Stalker  
  92  14:00  Stalker  
  92  14:01  Templar Archives  
  94  14:06  Stalker  
  94  14:09  Stalker  
  98  14:11  Probe x2  
  98  14:12  Probe  
  98  14:16  Stalker  
  103  14:19  Observer  
  104  14:26  Shield Battery  
  104  14:28  Pylon  
  104  14:29  Stalker  
  104  14:30  Observer  
  107  14:33  Stalker  
  107  14:35  Stalker  
  107  14:37  Protoss Ground Weapons Level 3  
  111  14:39  Stalker  
  113  14:47  Probe x2  
  113  14:50  Photon Cannon  
  115  14:53  Photon Cannon  
  115  14:54  Probe  
  116  15:11  Stalker x4  
  122  15:16  Pylon  
  102  15:31  Colossus  
  102  15:32  Colossus  
  98  15:46  Stalker  
  98  15:47  Stalker x2  
  96  15:50  Probe x3  
  93  16:01  Stalker  
  93  16:02  Stalker x2  
  93  16:03  Probe x2  
  101  16:05  Probe  
  98  16:22  Stalker x2  
  96  16:29  Assimilator  
  96  16:32  Colossus  
  96  16:33  Assimilator  
  96  16:37  Stalker  
  104  16:41  Stalker  
  104  16:45  Stalker  
  108  16:55  Pylon  
  108  16:56  Stalker x2  
  108  16:57  Pylon  
  112  17:11  Colossus  
  118  17:17  Stalker  
  118  17:35  Stalker  
  118  17:36  Stalker x3  
  126  17:41  Stalker  
  128  17:50  Forge  
  128  17:58  Stalker x2  
  128  17:59  Stalker x2  
  128  18:02  Stalker  
  117  18:54  Stalker  
  105  18:56  Stalker x4  
  105  18:57  Stalker x2  
  111  19:07  Stalker  
  113  19:19  Gateway  
  113  19:20  Stalker  
  113  19:21  Gateway  
  115  19:24  Zealot, Gateway  
  115  19:25  Zealot x3  
  115  19:26  Zealot x2  
  127  19:32  Gateway  
  89  19:55  Stalker x3  
  89  19:56  Stalker x4  
  103  20:11  Stalker  
  105  20:15  Stalker  
  105  20:16  Stalker  
  107  20:37  Stalker x4  
Show
View Real Time Build Order
Export as new Build Order

Sketchaphone Zerg 

Build Orders: Hatch First 

Get SALT Encoding   

  12  0:01  Drone  
  13  0:13  Overlord  
  13  0:19  Drone  
  14  0:31  Drone x2  
  14  0:35  Drone  
  17  0:57  Drone  
  17  0:58  Hatchery  
  17  1:01  Extractor  
  16  1:05  Drone  
  17  1:21  Spawning Pool  
  17  1:22  Drone  
  17  1:42  Drone x2  
  19  2:03  Drone x2  
  21  2:12  Drone, Hatchery  
  21  2:17  Queen  
  21  2:22  Metabolic Boost  
  23  2:35  Overlord, Zergling x4  
  25  2:42  Overlord  
  25  2:43  Zergling x2  
  26  2:50  Spine Crawler  
  25  2:57  Queen  
  27  3:13  Spine Crawler, Zergling x8, Drone x2  
  32  3:30  Evolution Chamber  
  31  3:38  Drone  
  32  3:42  Overlord  
  32  3:43  Drone  
  32  3:48  Drone  
  34  3:49  Hatchery  
  30  4:06  Zergling x4  
  30  4:07  Zergling x8  
  34  4:11  Zergling x2  
  34  4:14  Zergling x2  
  31  4:50  Zergling x6  
  31  4:51  Zergling x6  
  34  4:56  Drone  
  35  5:04  Drone x2  
  39  5:11  Lair  
  37  5:25  Hatchery  
  37  5:27  Queen  
  38  5:28  Drone  
  38  5:29  Zerg Ground Armor Level 1  
  38  5:30  Drone  
  40  5:36  Overlord  
  40  5:52  Spore Crawler  
  39  5:58  Spore Crawler  
  39  5:59  Drone x3  
  39  6:02  Overlord  
  41  6:04  Drone  
  41  6:07  Evolution Chamber, Drone  
  41  6:08  Extractor  
  41  6:10  Drone  
  42  6:13  Drone  
  43  6:24  Overlord  
  43  6:25  Drone  
  43  6:30  Queen  
  45  6:37  Baneling Nest, Drone x2  
  45  6:39  Drone  
  47  6:42  Drone  
  47  6:45  Drone  
  49  6:47  Drone  
  49  6:49  Drone  
  49  6:53  Drone x2  
  53  7:05  Zergling x2  
  53  7:06  Zergling x10  
  59  7:15  Drone  
  59  7:16  Drone x5  
  59  7:20  Spore Crawler  
  59  7:21  Spore Crawler  
  63  7:25  Drone x2  
  65  7:31  Pneumatized Carapace  
  65  7:32  Drone  
  65  7:33  Drone  
  56  8:07  Queen  
  56  8:10  Spore Crawler  
  56  8:13  Spore Crawler  
  56  8:16  Spore Crawler, Drone  
  56  8:17  Drone x13  
  68  8:22  Overlord  
  68  8:23  Overlord  
  68  8:24  Zerg Ground Armor Level 2  
  68  8:26  Zerg Melee Weapons Level 1  
  68  8:33  Overlord  
  68  8:34  Extractor  
  67  8:37  Evolution Chamber  
  67  8:41  Drone  
  67  8:44  Overlord  
  67  8:47  Overlord  
  67  9:03  Spawning Pool  
  67  9:04  Extractor  
  67  9:06  Extractor  
  67  9:09  Extractor  
  63  9:14  Overlord  
  63  9:30  Zerg Missile Weapons Level 1  
  63  9:35  Hatchery  
  62  9:48  Drone  
  62  9:49  Drone x4  
  62  9:50  Overlord, Drone  
  62  9:51  Zergling x26  
  62  9:52  Zergling x2  
  81  9:53  Centrifical Hooks  
  81  9:58  Overlord  
  81  10:10  Nydus Network  
  81  10:13  Infestation Pit  
  79  10:22  Zergling x32  
  79  10:23  Baneling x3  
  79  10:24  Baneling  
  95  10:30  Zerg Melee Weapons Level 2  
  95  10:37  Overseer  
  95  10:47  Zergling x24  
  107  10:59  Overseer  
  87  11:39  Zergling x34  
  101  11:40  Zergling x4  
  101  11:43  Baneling x22  
  101  11:44  Baneling x2  
  96  11:50  Zerg Missile Weapons Level 2  
  96  11:52  Hive  
  96  11:53  Burrow  
  96  11:55  Zergling x10  
  96  11:56  Overlord  
  96  11:58  Drone  
  74  12:37  Zergling x36  
  74  12:38  Baneling  
  74  12:39  Baneling x9  
  74  12:41  Drone  
  74  12:42  Queen  
  74  12:43  Queen, Drone  
  93  12:49  Overlord x3  
  95  12:57  Queen  
  97  13:03  Queen, Baneling  
  97  13:04  Baneling x8  
  99  13:22  Adrenal Glands  
  99  13:25  Zerg Melee Weapons Level 3  
  99  13:28  Zerg Ground Armor Level 3  
  88  13:53  Overlord x2  
  88  13:54  Overlord  
  77  14:06  Spire  
  77  14:07  Queen  
  67  14:10  Drone x6  
  67  14:11  Drone x6  
  76  14:37  Zergling x46  
  99  14:40  Zergling x2  
  100  14:46  Spore Crawler, Drone x2  
  100  14:47  Spore Crawler  
  100  14:55  Zerg Missile Weapons Level 3  
  100  15:00  Queen  
  96  15:08  Spore Crawler  
  95  15:14  Zergling x14  
  95  15:16  Hydralisk Den  
  95  15:19  Nydus Canal  
  99  15:32  Overlord x5  
  94  15:42  Baneling  
  94  15:43  Baneling x8  
  94  15:46  Baneling x5  
  88  15:51  Zergling x16  
  64  16:12  Hatchery  
  64  16:16  Hydralisk  
  64  16:17  Hydralisk x12  
  86  16:23  Grooved Spines  
  85  16:31  Roach Warren  
  80  16:55  Lurker Den  
  79  17:26  Overlord x4  
  79  17:35  Muscular Augments  
  79  17:39  Queen  
  79  17:40  Drone x5  
  79  17:43  Overlord, Hatchery  
  80  18:06  Drone x14  
  89  18:13  Zergling x6  
  92  18:27  Drone x5  
  92  18:33  Hydralisk  
  99  18:41  Adaptive Talons  
  99  18:46  Corruptor  
  81  19:05  Lurker  
  81  19:06  Hydralisk x3  
  83  19:14  Hydralisk x3  
  82  19:47  Lurker x3  
  82  19:49  Corruptor x9  
  97  19:58  Corruptor x2  
Tags
 
Add a new tag
Caveats
  • Supply blocks, unpowered buildings, or Contaminate may cause inaccurate times.
  • Supply counts are checked every 10 seconds.